 Dungeon Crawl Stone Soup version 0.31-a0-202-g547052bce9 (webtiles) character file.

Game seed: 15131252735265112254

46 qw the Shooter (level 3, 0/20 HPs)
             Began as a Deep Elf Hunter on June 26, 2023.
             Slain by Sigmund
             ... wielding a +1 scythe of freezing
              (4 damage)
             ... on level 2 of the Dungeon.
             The game lasted 00:00:27 (942 turns).

qw the Shooter (Deep Elf Hunter)                     Turns: 942, Time: 00:00:28

Health: 0/20       AC:  5    Str: 10    XL:     3   Next: 46%
Magic:  5/5        EV: 11    Int: 13    God:
Gold:   62         SH:  0    Dex: 18    Spells: 2/2 levels left

rFire   . . .        Y - +0 shortbow
rCold   . . .        (shield currently unavailable)
rNeg    . . .        f - +0 ring mail
rPois   .            (no helmet)
rElec   .            (no cloak)
rCorr   .            (no gloves)
SInv    .            (no boots)
Will    .....        (no amulet)
Stlth   +            (no ring)
HPRegen 0.23/turn    (no ring)
MPRegen 0.09/turn

%: no passive effects
@: no status effects
A: no striking features
a: no special abilities


You were on level 2 of the Dungeon.
You visited 1 branch of the dungeon, and saw 2 of its levels.

You collected 62 gold pieces.


   Skills:
 - Level 1.5 Fighting
 + Level 7.0 Ranged Weapons
 - Level 2.4 Dodging
 - Level 1.2 Stealth


You had 2 spell levels left.
You didn't know any spells.
Your spell library was empty.

Inventory:

Hand Weapons
 Y - a +0 shortbow (weapon)
Armour
 f - a +0 ring mail (worn)
Jewellery
 a - a ring of flight
Scrolls
 c - a scroll of fog {unknown}
Potions
 b - a potion of mutation {unknown}
 d - a potion of curing {unknown}
 e - a potion of resistance {unknown}
 g - a potion of might {unknown}

Dungeon Overview and Level Annotations

Branches:
Dungeon (2/15)

Altars:

Shops:
D:1 [

Annotations:
D:2 Sigmund


Message History

You shoot an arrow. The arrow hits the endoplasm!
You kill the endoplasm!
Found a stone staircase leading down.
Enter note:
Enter note: You now have enough gold to buy a +0 cloak on D:1, or buy a +0 pair of gloves on D:1.
You can access your shopping list by pressing '$'.
You now have 62 gold pieces (gained 18).
A rat and a frilled lizard come into view.
Enter note:
Enter note: You shoot an arrow.
The arrow hits the rat.
You kill the rat!
The frilled lizard hisses angrily.
You shoot an arrow. The arrow hits the frilled lizard.
You kill the frilled lizard!
Sigmund the Dreaded comes into view.
He is wielding a +1 scythe of freezing.
Sigmund shouts!
Enter note:
Enter note:
Enter note: You shoot an arrow.
The arrow hits Sigmund but does no damage.
Sigmund screams, "Don't try to resist!"
You shoot an arrow. The arrow closely misses Sigmund.
Sigmund drinks a potion.
Sigmund's spells are empowered!
You shoot an arrow. The arrow closely misses Sigmund.
Sigmund mumbles some strange words.
Sigmund flickers and vanishes!
Deactivating autopickup; reactivate with Ctrl-A.
You shoot an arrow.
A magic dart appears from out of thin air!
The magic dart hits you!
You shoot an arrow.
Something tries to affect you, but you resist.
You shoot an arrow. You shoot an arrow. You shoot an arrow. Something hits you!
Something freezes you.
You die...

### #.#####.#
###.......#
#######.......# #.
........#.###.# #.#
.......@#.# #.# ###..
........#.# #.# #...##
........#.# #.# #.#..#
........#.###.# #.#..#
........#...#.# #.#..#
........#...#.#####.#..#
........#...#...........
........##.####.###.#..#
#.........#.....


There were no monsters in sight!

Vanquished Creatures
  8 endoplasms
  3 goblins
  5 hobgoblins (D:1)
  5 jackals
  A quokka (D:2)
  5 ball pythons (D:1)
  4 bats (D:1)
  3 frilled lizards
  2 kobolds (D:1)
  8 rats
44 creatures vanquished.

Notes
Turn   | Place    | Note
-------+----------+-------------------------------------------
     0 | D:1      | qw the Deep Elf Hunter began the quest for the Orb.
     0 | D:1      | Reached XP level 1. HP: 12/12 MP: 3/3
     0 | D:1      | 0 ||| qw: Version: 0.3-a-22-g0ed2b0b
     0 | D:1      | 0 ||| qw: Game counter: 6021
     0 | D:1      | 0 ||| qw: Melee chars always use a shield: true
     0 | D:1      | 0 ||| qw: God list: Okawaru
     0 | D:1      | 0 ||| qw: Allow faded altars: false
     0 | D:1      | 0 ||| qw: Do Orc after clearing Dungeon:15 true
     0 | D:1      | 0 ||| qw: Do second Lair branch before Depths: true
     0 | D:1      | 0 ||| qw: Lair rune preference: random
     0 | D:1      | 0 ||| qw: Goals: Normal
     0 | D:1      | 0 ||| PLANNING D:1-11
   122 | D:1      | Reached XP level 2. HP: 16/16 MP: 4/4
   131 | D:1      | Reached skill level 6 in Ranged Weapons
   168 | D:1      | Found Natybef's Armour Boutique.
   182 | D:1      | 182 ||| SHOPLISTING +0 cloak (45 gold, have 0).
   182 | D:1      | 182 ||| SHOPLISTING +0 pair of gloves (45 gold, have 0).
   182 | D:1      | 182 ||| SHOPLISTING +0 ring mail (40 gold, have 0).
   182 | D:1      | 182 ||| SHOPLISTING +0 ring mail of Philately {Dex+5} (215
                  | gold, have 0).
   182 | D:1      | 182 ||| SHOPLISTING +0 scale mail (40 gold, have 0).
   182 | D:1      | 182 ||| SHOPLISTING +2 leather armour of fire resistance
                  | (190 gold, have 0).
   197 | D:1      | 197 ||| Stepping ~*~*~tactically~*~*~ (outnumbered).
   360 | D:1      | Reached XP level 3. HP: 20/20 MP: 5/5
   648 | D:1      | 648 ||| UPGRADING to +0 ring mail.
   658 | D:1      | 658 ||| DROPPING +0 leather armour.
   659 | D:1      | 659 ||| READING scroll labelled QEUGY RYIQOTA.
   660 | D:1      | 660 ||| DROPPING scroll of butterflies.
   850 | D:2      | 850 ||| FLEEEEING.
   853 | D:2      | Reached skill level 7 in Ranged Weapons
   934 | D:2      | Noticed Sigmund
   942 | D:2      | HP: 4/20 [something (9)]
   942 | D:2      | Slain by Sigmund

Levels and vault maps discovered:
D:1:      minmay_arrival_loop, layout_loops_ring, serial_shops,
          nicolae_shop_statue_plus, st_stairs_5, minmay_close_crescents
D:2:      layout_basic, minmay_misc_feat_nine_boxes, uniq_sigmund

Skill      XL: |  1  2  3 |
---------------+----------+-----
Ranged Weapons | 6 7 |  7.0
Fighting       | |  1.5
Dodging        | |  2.4
Stealth        | |  1.2

Action                     || total
---------------------------++-------
   Fire: Shortbow          ||   115
    Use: Scroll            ||     1
 Armour: Leather armour    ||     7
         Ring mail         ||     5
  Dodge: Dodged            ||    16

Table legend:
 A = Non-vault XP
 B = Vault XP
 C = Vault XP percentage of total XP
 D = Non-vault monster count
 E = Vault monster count
 F = Vault count percentage of total count
                 A         B        C        D         E       F
            +---------+---------+-------+---------+---------+-------
      Total |      52 |      15 |  22.4 |      34 |      10 |  22.7
            +---------+---------+-------+---------+---------+-------
        D:1 |      37 |      15 |  28.8 |      25 |      10 |  28.6
        D:2 |      15 |       0 |   0.0 |       9 |       0 |   0.0
            +---------+---------+-------+---------+---------+-------
